AoeStats
← 体制少妇白洁

Lombardia

508654202Analyzed
4v4 RM · 9d ago on Sep 23, 2026· 57m 57s· 8 players
Game mode
Random Map
Map size
Large (8 player)
Population
200
Speed
Normal
Resources
Standard
Victory
Conquest
Starting age
Dark Age
Ending age
Imperial Age
RankedLock teamsTeams togetherTeam positionsShared explorationLock speedFull tech treeHidden civsTurbo modeCheats
Victory
Defeat
🇨🇳 Persians · China
1520
+15
🇭🇰 Aztecs · Hong Kong SAR China
1498
+16
🇨🇳 Saxons · China
1387
+20
🇨🇭 Sicilians · Switzerland
1536
-20
🇮🇳 Dravidians · India
1482
-18
🇺🇸 Wu · United States
1470
-17
🇩🇪 Jurchens · Germany
1442
-16
AnimeEyes
11:46 Feudal Age
15:33 Castle Age
13:28 Double-Bit Axe
13:30 Horse Collar
16:45 Bow Saw
25:14 Heavy Plow
29:14 Wheelbarrow
32:00 Imperial Age
30:26 Padded Archer Armor
30:31 Treadmill Crane
30:57 Siege Engineers
30:49 Gold Mining
32:30 Hand Cart
32:51 Leather Archer Armor
35:45 Chemistry
35:07 Ballistics
34:38 Fletching
37:29 Thunderclap Bombs
37:40 Conscription
37:22 Bodkin Arrow
38:48 Ring Archer Armor
39:07 Guard Tower
39:50 Fortified Wall
41:50 Masonry
41:37 Murder Holes
42:21 Keep
42:21 Sappers
44:50 Bracer
46:37 Architecture
47:50 Town Watch
47:51 Loom
48:54 Hoardings
48:20 Fortified Bastions
49:24 Arrowslits
flowaway4
10:56 Feudal Age
11:22 Double-Bit Axe
11:22 Horse Collar
11:54 Loom
16:51 Castle Age
18:24 Fletching
18:58 Town Watch
21:47 Heavy Plow
25:37 Wheelbarrow
25:40 Gold Mining
27:24 Stone Mining
28:22 Bow Saw
30:04 Forging
30:37 Bodkin Arrow
34:10 Imperial Age
32:20 Ballistics
33:15 Scale Mail Armor
33:51 Iron Casting
34:06 Masonry
34:22 Chain Mail Armor
34:21 Man-at-Arms
34:48 Gambesons
35:03 Squires
35:41 Conscription
36:35 Chemistry
35:40 Bracer
36:36 Scale Barding Armor
36:40 Hauberk
37:25 Husbandry
37:35 Bloodlines
38:28 Blast Furnace
38:46 Crop Rotation
37:56 Cavalier
39:45 Chain Barding Armor
41:18 Plate Barding Armor
41:05 Murder Holes
40:57 Pikeman
42:09 Plate Mail Armor
42:56 Halberdier
44:59 Caravan
46:18 Arson
46:04 Light Cavalry
48:41 Long Swordsman
50:36 Hoardings
49:38 Two-Handed Swordsman
50:48 Champion
52:50 Coinage
55:29 Capped Ram
56:51 Banking
56:20 Siege Ram
vidsag
4:53 Loom
11:49 Feudal Age
15:46 Castle Age
13:36 Double-Bit Axe
13:32 Horse Collar
18:01 Bow Saw
19:11 Wheelbarrow
25:56 Hand Cart
26:17 Gold Mining
26:31 Heavy Plow
30:24 Imperial Age
27:48 Fletching
28:50 Bodkin Arrow
28:58 Padded Archer Armor
28:57 Town Watch
30:13 Thumb Ring
31:25 Ballistics
32:08 Chemistry
31:52 Stone Mining
33:02 Bracer
33:18 Leather Archer Armor
32:39 Elite Elephant Archer
37:49 Ring Archer Armor
43:01 Squires
42:22 Pikeman
43:04 Scale Mail Armor
43:36 Conscription
43:38 Wootz Steel
43:24 Medical Corps
44:50 Ballistics
44:51 Bombard Tower
44:53 Halberdier
49:56 Caravan
50:45 Elite Skirmisher
53:05 Siege Elephant
busy pushing deer
9:44 Feudal Age
9:46 Man-at-Arms
11:00 Arson
12:51 Double-Bit Axe
19:19 Castle Age
17:35 Gold Mining
18:41 Bloodlines
18:34 Horse Collar
19:13 Scale Barding Armor
19:53 Forging
24:52 Chain Barding Armor
27:13 Loom
27:44 Bow Saw
28:26 Husbandry
32:39 Iron Casting
33:42 Fletching
33:52 Padded Archer Armor
34:40 Wheelbarrow
37:08 Hand Cart
36:39 Town Watch
37:49 Light Cavalry
39:03 Caravan
41:43 Imperial Age
40:50 Pikeman
41:31 Squires
42:32 Gold Shaft Mining
42:59 Scale Mail Armor
45:09 Chain Mail Armor
44:25 Halberdier
46:13 Blast Furnace
45:45 Guilds
46:05 Coinage
46:21 Plate Mail Armor
47:24 Banking
48:01 Two-Man Saw
48:22 Bodkin Arrow
49:46 Hussar
51:07 Plate Barding Armor
50:32 Bracer
50:48 Leather Archer Armor
55:29 Red Cliffs Tactics
56:56 Conscription
体制少妇白洁
6:36 Loom
9:11 Feudal Age
10:48 Double-Bit Axe
12:59 Fletching
20:12 Horse Collar
23:59 Castle Age
24:23 Crossbowman
24:59 Bodkin Arrow
25:17 Bow Saw
28:24 Wheelbarrow
29:23 Heavy Plow
33:24 Hand Cart
34:22 Gold Mining
38:33 Imperial Age
36:06 Stone Mining
36:52 Gold Shaft Mining
36:39 Scale Mail Armor
38:28 Caravan
39:00 Chain Mail Armor
38:55 Forging
38:08 Eagle Warrior
38:33 Arson
38:49 Squires
39:39 Conscription
39:04 Elite Eagle Warrior
40:17 Garland Wars
41:25 Plate Mail Armor
41:06 Forging
43:43 Iron Casting
45:02 Town Watch
45:08 Capped Ram
46:15 Siege Ram
47:10 Pikeman
49:08 Man-at-Arms
49:34 Gambesons
51:02 Elite Jaguar Warrior
53:02 Blast Furnace
夫国之有民,犹水之有舟,停则以安,扰则以危
6:41 Loom
8:43 Feudal Age
9:28 Double-Bit Axe
12:58 Scale Barding Armor
14:24 Horse Collar
19:12 Castle Age
18:09 Gold Mining
20:05 Fletching
20:26 Bloodlines
21:09 Wheelbarrow
20:46 Bow Saw
22:08 Bodkin Arrow
30:18 Imperial Age
27:52 Stone Mining
29:02 Husbandry
29:03 Padded Archer Armor
30:28 Ballistics
31:34 Gold Shaft Mining
32:42 Heavy Plow
34:01 Kataparuto
34:00 Thumb Ring
34:28 Bracer
37:18 Parthian Tactics
37:18 Hand Cart
37:26 Leather Archer Armor
37:03 Heavy Cavalry Archer
39:26 Chemistry
39:50 Ring Archer Armor
40:29 Town Watch
45:48 Conscription
47:48 Two-Man Saw
46:55 Siege Engineers
47:01 Masonry
46:31 Treadmill Crane
46:45 Elite Skirmisher
50:53 Hoardings
52:12 Caravan
52:42 Coinage
54:18 Banking
55:44 Pikeman
56:24 Squires
56:25 Scale Mail Armor
56:36 Forging
FoLuo
8:54 Feudal Age
9:42 Double-Bit Axe
14:18 Horse Collar
16:30 Wheelbarrow
20:27 Castle Age
18:40 Forging
18:37 Gold Mining
21:08 Bloodlines
21:05 Scale Barding Armor
20:37 Light Cavalry
22:08 Bow Saw
22:00 Heavy Plow
21:35 Light Cavalry
24:15 Chain Barding Armor
24:22 Husbandry
28:46 Gold Shaft Mining
29:48 Hand Cart
29:23 Loom
30:23 Hand Cart
29:53 Town Watch
31:29 Iron Casting
30:49 Fletching
34:06 Imperial Age
34:13 Imperial Age
32:14 Scale Mail Armor
32:45 Stone Mining
32:39 Treadmill Crane
33:41 Squires
33:27 Arson
34:18 Chain Mail Armor
34:39 Iron Casting
34:27 Town Patrol
34:33 Caravan
34:17 Elite Varangian Guard
35:35 Plate Mail Armor
34:31 Shield Wall
36:49 Fletching
37:00 Padded Archer Armor
37:20 Capped Ram
37:47 Onager
38:29 Gambesons
38:39 Siege Ram
39:46 Conscription
39:41 Siege Ram
42:38 Chemistry
41:49 Masonry
41:35 Murder Holes
41:03 Clerical Recruitment
44:02 Bodkin Arrow
44:23 Leather Archer Armor
46:08 Guilds
45:19 Heavy Scorpion
45:29 Pikeman
48:39 Halberdier
53:45 Hoardings
53:45 Architecture
53:36 Ballistics
53:22 Bracer
56:41 Two-Man Saw
56:13 Crop Rotation
57:32 Coinage
cookie tin
8:24 Loom
10:28 Feudal Age
15:23 Castle Age
13:28 Double-Bit Axe
13:26 Horse Collar
14:33 Scale Barding Armor
15:45 Bloodlines
19:49 Bow Saw
24:03 Wheelbarrow
25:29 Hand Cart
26:37 Gold Mining
28:26 Town Watch
33:02 Gold Shaft Mining
35:10 Imperial Age
33:09 Husbandry
33:32 Chain Barding Armor
33:23 Forging
34:30 Stone Mining
34:51 Cavalier
36:08 Plate Barding Armor
38:17 Iron Casting
37:31 Savar
40:13 Blast Furnace
41:05 Light Cavalry
43:42 Hoardings
49:14 Kamandaran
49:55 Conscription
51:04 Chemistry
50:37 Crossbowman
51:40 Thumb Ring
52:58 Kamandaran
55:04 Thumb Ring
55:02 Fletching
55:59 Bodkin Arrow
57:15 Ballistics
Connection lost

Rejoining the realm…

Still unreachable

The connection could not be restored.

Session expired

The server has moved on; the page needs a fresh start.